 Dungeon Crawl Stone Soup version 0.31-a0-198-g2ad674f65e (webtiles) character file.

Game seed: 8173681548010999856

39 qw the Shooter (level 3, -3/20 HPs)
             Began as a Deep Elf Hunter on June 25, 2023.
             Killed from afar by Sigmund (9 damage)
             ... with a puff of flame
             ... on level 2 of the Dungeon.
             The game lasted 00:00:27 (932 turns).

qw the Shooter (Deep Elf Hunter)                     Turns: 932, Time: 00:00:28

Health: -3/20      AC:  5    Str: 10    XL:     3   Next: 28%
Magic:  5/5        EV: 26    Int: 13    God:
Gold:   52         SH:  0    Dex: 18    Spells: 2/2 levels left

rFire   . . .        Y - +1 shortbow
rCold   . . .        (shield currently unavailable)
rNeg    . . .        e - +0 ring mail
rPois   .            (no helmet)
rElec   .            (no cloak)
rCorr   .            (no gloves)
SInv    .            (no boots)
Will    .....        h - amulet of the acrobat Stlth
                     (no ring)
HPRegen 0.23/turn    (no ring)
MPRegen 0.09/turn

%: acrobat
@: confused, acrobatic
A: no striking features
a: no special abilities


You were on level 2 of the Dungeon.
You visited 1 branch of the dungeon, and saw 2 of its levels.

You collected 52 gold pieces.


   Skills:
 - Level 1.5 Fighting
 + Level 6.9 Ranged Weapons
 - Level 2.4 Dodging
 - Level 1.2 Stealth


You had 2 spell levels left.
You didn't know any spells.
Your spell library was empty.

Inventory:

Hand Weapons
 Y - a +1 shortbow (weapon)
Armour
 e - a +0 ring mail (worn)
Jewellery
 h - an amulet of the acrobat (around neck)
Scrolls
 a - a scroll of poison {unknown}
 b - 2 scrolls of identify {unknown}
 c - a scroll of brand weapon {unknown}
Potions
 d - a potion of resistance {unknown}
 g - a potion of attraction {unknown}
 i - a potion of haste {unknown}
 j - a potion of mutation {unknown}

Dungeon Overview and Level Annotations

Branches:
Dungeon (2/15)

Altars:

Annotations:
D:2 Sigmund


Message History

You finish putting on your amulet of the acrobat.
You feel ready to tumble and roll out of harm's way.
h - an amulet of the acrobat (around neck) Autopickup is now on.
Enter note:
Enter note:
Enter note:
Enter note:
Enter note:
Enter note: You hear some strange, mumbled words.
Deactivating autopickup; reactivate with Ctrl-A.
Something tries to affect you, but you resist.
Autopickup is now on.
Enter note:
Enter note:
Enter note:
Enter note:
Enter note:
Enter note:
Enter note:
Enter note:
Enter note:
Enter note:
Enter note:
Enter note: You start resting.
Something barely misses you.
You hear some strange, mumbled words.
Deactivating autopickup; reactivate with Ctrl-A.
You are confused.
Autopickup is now on.
Something misses you. Something completely misses you. Something misses you.
You hear some strange, mumbled words.
A puff of flame appears from out of thin air!
Deactivating autopickup; reactivate with Ctrl-A.
The puff of flame hits you!
You die...

.[# ..## ... ..#
..# ..# ..# ..#
########.# #.#
#.####.{.@....#
#.#
#.......#######
#.###########..##
.......)..<.....#
#.....%.........#
##############..#
# #..# # #..# #
#..#


There were no monsters in sight!

Vanquished Creatures
  A dart slug (D:1)
  A ball python (D:1)
  6 endoplasms (D:1)
  A giant cockroach (D:1)
  4 hobgoblins
  7 jackals (D:1)
  3 kobolds (D:1)
  5 bats
  3 rats
31 creatures vanquished.

Notes
Turn   | Place    | Note
-------+----------+-------------------------------------------
     0 | D:1      | qw the Deep Elf Hunter began the quest for the Orb.
     0 | D:1      | Reached XP level 1. HP: 12/12 MP: 3/3
     0 | D:1      | 0 ||| qw: Version: 0.3-a-22-g0ed2b0b
     0 | D:1      | 0 ||| qw: Game counter: 5170
     0 | D:1      | 0 ||| qw: Melee chars always use a shield: true
     0 | D:1      | 0 ||| qw: God list: Okawaru
     0 | D:1      | 0 ||| qw: Allow faded altars: false
     0 | D:1      | 0 ||| qw: Do Orc after clearing Dungeon:15 true
     0 | D:1      | 0 ||| qw: Do second Lair branch before Depths: true
     0 | D:1      | 0 ||| qw: Lair rune preference: random
     0 | D:1      | 0 ||| qw: Goals: Normal
     0 | D:1      | 0 ||| PLANNING D:1-11
    62 | D:1      | 62 ||| FLEEEEING.
    63 | D:1      | 63 ||| FLEEEEING.
    64 | D:1      | 64 ||| FLEEEEING.
    66 | D:1      | 66 ||| FLEEEEING.
    67 | D:1      | 67 ||| FLEEEEING.
   148 | D:1      | Reached XP level 2. HP: 16/16 MP: 4/4
   155 | D:1      | Reached skill level 6 in Ranged Weapons
   622 | D:1      | Reached XP level 3. HP: 20/20 MP: 5/5
   703 | D:1      | 703 ||| UPGRADING to +0 ring mail.
   713 | D:1      | 713 ||| DROPPING +0 leather armour.
   714 | D:1      | 714 ||| READING scroll labelled VYSYFRYBBOO.
   715 | D:1      | 715 ||| READING scroll labelled FUJAK OZEASOENN.
   716 | D:1      | 716 ||| DRINKING 2 green potions.
   717 | D:1      | 717 ||| DRINKING 2 metallic emerald potions.
   718 | D:1      | 718 ||| DROPPING scroll of butterflies.
   719 | D:1      | 719 ||| DROPPING potion of brilliance.
   901 | D:2      | Noticed Sigmund
   903 | D:2      | 903 ||| Stepping ~*~*~tactically~*~*~ (outnumbered).
   905 | D:2      | 905 ||| Stepping ~*~*~tactically~*~*~ (outnumbered).
   908 | D:2      | HP: 3/20 [Sigmund/+0 scythe (7)]
   909 | D:2      | 909 ||| DRINKING potion of heal wounds.
   913 | D:2      | 913 ||| UPGRADING to amulet of the acrobat.
   917 | D:2      | HP: 2/20 [something (6)]
   932 | D:2      | Killed from afar by Sigmund

Levels and vault maps discovered:
D:1:      giann_wishing_wells, layout_loops_ring
D:2:      layout_loops_ring, uniq_sigmund

Skill      XL: |  1  2 |
---------------+-------+-----
Ranged Weapons | 6 |  6.9
Fighting       | |  1.5
Dodging        | |  2.4
Stealth        | |  1.2

Action                     || total
---------------------------++-------
   Fire: Shortbow          ||    96
    Use: Potion            ||     3
         Scroll            ||     2
 Armour: Leather armour    ||     9
         Ring mail         ||     1
  Dodge: Dodged            ||    47

Table legend:
 A = Non-vault XP
 B = Vault XP
 C = Vault XP percentage of total XP
 D = Non-vault monster count
 E = Vault monster count
 F = Vault count percentage of total count
                 A         B        C        D         E       F
            +---------+---------+-------+---------+---------+-------
      Total |      57 |       0 |   0.0 |      31 |       0 |   0.0
            +---------+---------+-------+---------+---------+-------
        D:1 |      51 |       0 |   0.0 |      27 |       0 |   0.0
        D:2 |       6 |       0 |   0.0 |       4 |       0 |   0.0
            +---------+---------+-------+---------+---------+-------
